Map: 데스오라 - 래더

Players

PtitDrogo

  • Race: Protoss Protoss
  • Spawn Location: 11:00

Zest - Winner!

  • Race: Protoss Protoss
  • Spawn Location: 5:00

Event: StayAtHomestory Cup #2

VOD

Have the link to the VOD?

Description

Time

  • Played on: June 12, 2020, 4:33 p.m.
  • Length: 5:37

All games in this series

Show
View Real Time Build Order
Export as new Build Order

PtitDrogo Protoss 

Build Orders: Phoenix Opening 

Get SALT Encoding   

  12  0:00  Probe  
  13  0:13  Probe  
  14  0:18  Pylon  
  14  0:24  Probe  
  15  0:32  Probe  
  15  0:38  Gateway  
  15  0:40  Probe  
  16  0:46  Assimilator  
  17  0:51  Probe  
  17  0:54  Assimilator  
  18  1:00  Probe  
  19  1:08  Probe, Gateway  
  19  1:17  Probe  
  20  1:25  Cybernetics Core  
  21  1:29  Probe  
  22  1:39  Pylon  
  22  1:41  Probe  
  23  1:52  Warp Gate  
  23  1:59  Probe  
  24  2:01  Sentry, Stalker  
  28  2:12  Pylon  
  28  2:13  Probe  
  29  2:20  Shield Battery  
  29  2:27  Stalker  
  31  2:31  Stalker  
  33  2:38  Phoenix  
  33  2:44  Nexus  
  33  2:50  Shield Battery  
  33  2:53  Probe  
  34  3:07  Probe  
  34  3:08  Robotics Facility  
  34  3:09  Sentry  
  37  3:15  Pylon  
  37  3:30  Probe  
  37  3:33  Shield Battery  
  38  3:37  Shield Battery  
  38  3:40  Adept  
  40  3:43  Adept  
  37  3:51  Immortal  
  36  4:08  Adept x2  
  40  4:12  Shield Battery  
  38  4:19  Warp Prism  
  40  4:33  Stalker  
  40  4:37  Probe  
  40  4:38  Probe  
  44  4:40  Sentry  
  44  4:42  Immortal  
  50  5:08  Adept x2  
  54  5:15  Pylon  
Show
View Real Time Build Order
Export as new Build Order

Zest Protoss - Winner!

Build Orders:  

Get SALT Encoding   

  12  0:01  Probe  
  13  0:13  Probe  
  14  0:18  Pylon  
  14  0:25  Probe  
  15  0:33  Probe  
  15  0:38  Gateway  
  15  0:41  Probe  
  16  0:46  Assimilator  
  17  0:51  Probe  
  17  0:54  Assimilator  
  18  0:59  Probe  
  19  1:06  Gateway  
  19  1:07  Probe  
  19  1:17  Probe  
  20  1:25  Cybernetics Core  
  21  1:30  Probe  
  22  1:35  Pylon  
  22  1:42  Probe  
  23  2:01  Robotics Facility  
  23  2:03  Stalker  
  23  2:05  Stalker  
  27  2:09  Warp Gate  
  27  2:16  Pylon  
  27  2:35  Adept x2  
  27  2:36  Immortal  
  35  3:00  Gateway  
  35  3:07  Warp Prism  
  37  3:20  Pylon  
  37  3:42  Probe  
  38  3:52  Immortal  
  36  4:02  Adept x3  
  42  4:22  Immortal  
  42  4:23  Pylon  
  46  4:44  Adept x2  
  46  4:45  Adept  
  52  4:49  Pylon  
  52  5:09  Pylon  
  52  5:12  Adept x3  
  58  5:35  Adept x3  
Tags
 
Add a new tag
Caveats
  • Supply blocks, unpowered buildings, or Contaminate may cause inaccurate times.
  • Supply counts are checked every 10 seconds.